[Event "Late-Titled-Tuesday-Blitz-April-30-2024"]
[Site "Chess.com"]
[Date "2024.04.30"]
[Round "7"]
[White "StelaSfw"]
[Black "igorknyazev"]
[Result "0-1"]
[WhiteElo "1692"]
[BlackElo "2246"]
[TimeControl "180+1"]
[EndTime "15:17:42 PDT"]
[Termination "igorknyazev won by resignation"]

1. e4 e5 2. Nf3 Nf6 3. d3 Nc6 4.
Nc3 Bb4 5. Be2 d5 6. exd5 Nxd5 7. Bd2 O-O 8. O-O Nxc3 9. Bxc3 Bxc3 10. bxc3 b6 11. Re1 Bb7 12. Qd2 f6 13. h3 Qd5 14. c4 Qd6 15. Nh4 Nd4 16. c3 Nxe2+ 17.
Qxe2 Rad8 18. Rad1 g6 19. Qe3 Rf7 20. Qg3 Qa3 21.
Nf5 Kh8 22. Nh6 Rg7 23. Ng4 Rf7 24. Rc1 Qxa2 25. Ra1 Qd2 26. Red1 Qc2 27. Rdc1 Qxd3 28. Qxd3 Rxd3 29. Rxa7 Be4 30. Rxc7 Rxc7 31. Nxf6 Bf5 32. Nd5 Rc6 33. Ra1 Rxc4 34. Ra8+ Kg7 35. Ra7+ Kh6 36.
g4 Be6 37. Nf6 Rxh3 38. Rxh7+ Kg5 39. Rxh3 Kxf6 40. Rf3+ Kg5 41. Rg3 Rxg4 42. Rxg4+ Kxg4 43. Kg2 Bd5+ 44. Kf1 Kf3 45. Ke1 Bc4 46. Kd2 e4 47.
Ke1 g5 48. Kd2 Kxf2 0-1

[Event "Late-Titled-Tuesday-Blitz-April-30-2024"]
[Site "Chess.com"]
[Date "2024.04.30"]
[Round "7"]
[White "h4parah5"]
[Black "artin10862"]
[Result "1-0"]
[WhiteElo "3028"]
[BlackElo "2857"]
[TimeControl "180+1"]
[EndTime "15:17:43 PDT"]
[Termination "h4parah5 won by resignation"]

1. d4 d5 2. c4 dxc4 3. e3 a6 4. Bxc4 Nf6 5. Nf3 e6 6. O-O c5 7. b3 Nbd7 8. Bb2 b6 9. Nbd2 Bb7 10.
Be2 Be7 11. dxc5 Bxc5 12. a3 O-O 13. b4 Be7 14. Nd4 b5 15. Bf3 Qb6 16. N2b3 Rac8 17. Bxb7 Qxb7 18. Na5 Qd5 19. Ndc6 Rfe8 20. Rc1 Bf8 21.
Qxd5 Nxd5 22. Rfd1 N7b6 23. Bd4 Nc4 24. Nxc4 Rxc6 25.
Na5 Rcc8 26. e4 Nf4 27. Kf1 f6 28.
g3 Ng6 29. Ke2 Kf7 30. Be3 Ne7 31. Nb7 Nc6 32. Rd7+ Kg6 33. Nd6 Ne5 34. Nxe8 Rxc1 35. Rxg7+ Bxg7 36. Bxc1 Nc4 37. Nc7 f5 38. exf5+ Kxf5 39. Nxa6 Be5 40. Nc5 Bd6 41. Nb3 Ke4 42. f3+ Kd5 43. Kd3 Nb6 44. Nd4 Nc4 45. Nxb5 Ne5+ 46. Ke2 Bb8 47. f4 Ng4 48. h3 Nf6 49. Kd3 Nh5 50.
Nc3+ Kc6 51. Ne4 Ng7 52. g4 h5 53. a4 hxg4 54. hxg4 Kd5 55. a5 Kc6 56. Kc4 1-0

[Event "Late-Titled-Tuesday-Blitz-April-30-2024"]
[Site "Chess.com"]
[Date "2024.04.30"]
[Round "7"]
[White "Slovineanu"]
[Black "AldokhinIvan"]
[Result "0-1"]
[WhiteElo "2461"]
[BlackElo "2651"]
[TimeControl "180+1"]
[EndTime "15:17:43 PDT"]
[Termination "AldokhinIvan won by checkmate"]

1. d4 Nf6 2. Nf3 g6 3. Nbd2 Bg7 4. e4 d6 5. Bb5+ c6 6. Bd3 O-O 7. O-O Nbd7 8. a4 Qc7 9. b4 e5 10. dxe5 Nxe5 11. Nxe5 dxe5 12. Nc4 Be6 13. Qe2 Rad8 14. Bb2 Nh5 15. g3 Qe7 16. Bc3 Qg5 17. Kh1 Bh3 18.
Rg1 Rfe8 19. Bd2 Qe7 20. Qe3 Be6 21. Bc3 Bc8 22. Qxa7 f5 23. Be2 Nf6 24. Bxe5 Nxe4 25.
Bxg7 Kxg7 26. Bd3 Qxb4 27. Rge1 Nxg3+ 28. hxg3 Rxe1+ 29. Rxe1 Qxe1+ 30. Kg2 Qe6 31. Qb6 Qd5+ 32. Kg1 Rd7 33. Qe3 Qd4 34. Qe8 f4 35. gxf4 Rf7 36. Qxc8 Rxf4 37. Qxb7+ Kh6 38. Qxc6 Qxf2+ 39. Kh1 Rh4# 0-1

[Event "Late-Titled-Tuesday-Blitz-April-30-2024"]
[Site "Chess.com"]
[Date "2024.04.30"]
[Round "7"]
[White "Good_Knight_Kiss"]
[Black "el008"]
[Result "0-1"]
[WhiteElo "2340"]
[BlackElo "2534"]
[TimeControl "180+1"]
[EndTime "15:17:43 PDT"]
[Termination "el008 won on time"]

1. e4 b6 2. d4 Bb7 3. Bd3 e6 4. Nf3 c5 5. c3 d6 6. O-O g6 7. Bg5 Be7 8. Bxe7 Nxe7 9. Nbd2 cxd4 10. cxd4 O-O 11. Rc1 Nbc6 12. a3 e5 13. b4 Nxd4 14. Nxd4 exd4 15. Nf3 Nc6 16. b5 Ne5 17. Nxd4 d5 18.
Nc6 Bxc6 19. bxc6 Nxd3 20. Qxd3 dxe4 21. Qxe4 Rc8 22. Rfd1 Qg5 23. f4 Qh5 24. Rd5 Qh4 25. g3 Qg4 26. Rd7 Qxd7 27. cxd7 Rxc1+ 28. Kf2 Rd1 29. Qe7 Kg7 30. Ke2 Rd5 31. h4 h5 32. Kf3 Rd3+ 33. Ke2 Rd5 34. Kf3 a5 35. g4 hxg4+ 36. Kxg4 b5 37. f5 gxf5+ 38. Kg5 f4+ 39.
Kxf4 Rh8 40. h5 Rhxh5 41. d8=Q Rxd8 42. Qxd8 a4 43. Qd4+ Kg6 44. Qd3+ Kh6 45. Kg4 Rg5+ 46. Kf4 Rh5 47. Qe3 Kg6 48. Qb6+ f6 49. Qc6 Rh4+ 50. Kg3 Rh5 51. Kg4 Re5 0-1

[Event "Late-Titled-Tuesday-Blitz-April-30-2024"]
[Site "Chess.com"]
[Date "2024.04.30"]
[Round "7"]
[White "CarrotsandPizza"]
[Black "Heliosis11"]
[Result "0-1"]
[WhiteElo "2584"]
[BlackElo "2422"]
[TimeControl "180+1"]
[EndTime "15:17:46 PDT"]
[Termination "Heliosis11 won on time"]

1. e4 c5 2. Nf3 e6 3. d4 cxd4 4. Nxd4 Nc6 5. Nxc6 bxc6 6. Nd2 d5 7. Bd3 Nf6 8. O-O Bd6 9. c4 O-O 10. Qc2 Ba6 11. b3 Qc7 12. g3 Rfd8 13. Rb1 h6 14. Bb2 Be5 15. Ba3 Rac8 16. Rfe1 c5 17. exd5 exd5 18.
Nf3 Bd4 19. Nxd4 cxd4 20. c5 Qa5 21. Bxa6 Qxa6 22. Bb4 d3 23. Qb2 Ne4 24. Rec1 d4 25. Rc4 Qf6 26. Rf1 Qf3 27. Rxd4 Ng5 28. Rh4 Qe2 29.
Bd2 Nf3+ 30. Kg2 Nxd2 31. Rc1 Nf3 32. Qxe2 Nxh4+ 33. Kf1 dxe2+ 34. Kxe2 Nf5 35. b4 Re8+ 36. Kf1 Nd4 37. a3 Red8 38. Rc4 Ne6 39. c6 Rd6 40. b5 Rd1+ 41. Kg2 Ra1 42. Ra4 Rc7 43. Ra6 Nc5 44. b6 Nxa6 0-1

[Event "Late-Titled-Tuesday-Blitz-April-30-2024"]
[Site "Chess.com"]
[Date "2024.04.30"]
[Round "7"]
[White "Indefatigable11"]
[Black "MFatigue"]
[Result "1-0"]
[WhiteElo "2391"]
[BlackElo "2472"]
[TimeControl "180+1"]
[EndTime "15:17:46 PDT"]
[Termination "Indefatigable11 won on time"]

1. c4 c5 2. Nf3 Nf6 3. g3 d5 4.
cxd5 Nxd5 5. Bg2 Nc6 6. O-O e5 7. Nc3 Nc7 8. d3 Be7 9. Be3 O-O 10. Rc1 Be6 11. Qd2 Qd7 12. Ne4 b6 13. Bg5 Bxa2 14. Bxe7 Qxe7 15. Nc3 Bb3 16. Qe3 Nd5 17.
Qd2 Nxc3 18. Qxc3 Bd5 19. e4 Be6 20. Nxe5 Nd4 21. Rfe1 Rfd8 22. f4 f6 23. Nf3 Bg4 24. Nxd4 Rxd4 25. e5 Rad8 26. Re3 fxe5 27. Rxe5 Qd6 28.
Rce1 Rxd3 29. Qc4+ Kf8 30. Qa6 Qd4+ 31. Kh1 Rd1 32.
Qxa7 h6 33. Qxb6 Qf2 34. Qa5 R8d2 35. Re8+ Kf7 36. Qa2+ Kf6 37. Rf8+ Kg6 38. Qf7+ 1-0

[Event "Late-Titled-Tuesday-Blitz-April-30-2024"]
[Site "Chess.com"]
[Date "2024.04.30"]
[Round "7"]
[White "DeArron_Fox"]
[Black "WindWhistler11"]
[Result "0-1"]
[WhiteElo "2505"]
[BlackElo "2563"]
[TimeControl "180+1"]
[EndTime "15:17:47 PDT"]
[Termination "WindWhistler11 won on time"]

1. d4 Nf6 2. c4 e6 3. Nf3 c5 4. d5 exd5 5. cxd5 Bd6 6. Nc3 O-O 7. e4 Re8 8. Bd3 Bc7 9. O-O d6 10. h3 a6 11. a4 Nbd7 12. Re1 Nf8 13. Bf4 Ng6 14. Bh2 Rb8 15. Rb1 Ba5 16. Nd2 Ne5 17. Bf1 Bxc3 18. bxc3 Qc7 19. Qc2 Bd7 20. f4 Ng6 21. c4 Nh5 22. e5 Nhxf4 23. exd6 Qxd6 24. Ne4 Qe5 25. Qc3 Bf5 26. Qxe5 Rxe5 27. Nxc5 Bxb1 28.
Rxb1 Re3 29. d6 b6 30. d7 Rd8 31. Rxb6 Nf8 32. Rd6 N4e6 33. Nxe6 Rxe6 34. Rd3 Rxd7 35. Rxd7 Nxd7 36. Bd3 Rc6 37. Bf5 Nb6 38. a5 Nxc4 39.
Be4 Rc5 0-1

[Event "Late-Titled-Tuesday-Blitz-April-30-2024"]
[Site "Chess.com"]
[Date "2024.04.30"]
[Round "7"]
[White "Casablanca"]
[Black "Langua_Chess"]
[Result "1-0"]
[WhiteElo "2631"]
[BlackElo "2438"]
[TimeControl "180+1"]
[EndTime "15:17:48 PDT"]
[Termination "Casablanca won on time"]

1. e4 c5 2. c3 g6 3. d4 d5 4. e5 Nc6 5. Nf3 Bg4 6. Bb5 Rc8 7. O-O Nh6 8. h3 Bxf3 9. Qxf3 cxd4 10. cxd4 Nf5 11.
Qd3 Qb6 12. Be3 Bh6 13. Bxh6 Nxh6 14. g4 O-O 15. Bxc6 Rxc6 16. Nc3 e6 17. Na4 Qb4 18.
b3 Rfc8 19. a3 Qa5 20. Nc5 Qc7 21. Kg2 b6 22. Na6 Qe7 23. Qe3 Qh4 24. Rac1 Nxg4 25. hxg4 Qxg4+ 26. Kh2 Qh4+ 27. Kg2 Rxc1 28. Rxc1 Rxc1 29.
Qxc1 Qxd4 30. Qe3 Qg4+ 31. Kf1 Qd1+ 32. Kg2 Qg4+ 33. Qg3 Qe4+ 34. Kh2 h5 35. Nb4 h4 36.
Qe3 Qg4 37. Nd3 a5 38. a4 Qf5 39. Nf4 Kg7 40. Nh3 Qc2 41. Qf4 Qxb3 42. Qf6+ Kg8 43. Qd8+ Kg7 44. Qxh4 Kg8 45. Ng5 1-0

[Event "Late-Titled-Tuesday-Blitz-April-30-2024"]
[Site "Chess.com"]
[Date "2024.04.30"]
[Round "7"]
[White "Kobalia"]
[Black "KuzubovYuriy"]
[Result "1/2-1/2"]
[WhiteElo "2798"]
[BlackElo "2971"]
[TimeControl "180+1"]
[EndTime "15:17:49 PDT"]
[Termination "Game drawn by repetition"]

1. e4 e6 2. d3 d5 3. Nd2 c5 4. Ngf3 Nc6 5. g3 Bd6 6. Bg2 Nge7 7. O-O O-O 8. Re1 Bc7 9. c3 b6 10. exd5 Nxd5 11. Nb3 Bb7 12. d4 cxd4 13. Nfxd4 Qc8 14. Nxc6 Bxc6 15. Nd4 Bb7 16. Qg4 Nf6 17. Qe2 Bxg2 18. Kxg2 h6 19. Qf3 Nd5 20. c4 Ne7 21. b3 e5 22. Nc6 Nxc6 23. Qxc6 Bd8 24. Qxc8 Rxc8 25.
Ba3 Re8 26. Rad1 b5 27. cxb5 Rc2 28. Kf1 Rxa2 29. Bc5 f6 30. Ra1 Rxa1 31. Rxa1 Bb6 32. Bxb6 axb6 33. Ra6 Re6 34. Ra7 h5 35. h4 Kf8 36.
Ke2 Rd6 37. Rb7 f5 38. Ke3 g6 39. Ke2 Ke8 40. Ke3 Kd8 41. Rg7 Kc8 42. Ke2 e4 43. b4 Kd8 44. Ke3 Ke8 45. Ke2 Kf8 46. Rb7 Ke8 47.
Ke3 Rd3+ 48. Ke2 Rd6 49. Ke3 Rd3+ 50. Ke2 Rd6 1/2-1/2

[Event "Late-Titled-Tuesday-Blitz-April-30-2024"]
[Site "Chess.com"]
[Date "2024.04.30"]
[Round "7"]
[White "EDaMatta"]
[Black "kalxandria"]
[Result "0-1"]
[WhiteElo "2335"]
[BlackElo "2235"]
[TimeControl "180+1"]
[EndTime "15:17:50 PDT"]
[Termination "kalxandria won by resignation"]

1. d4 Nf6 2. c4 e6 3. Nc3 Bb4 4. e3 O-O 5. Bd3 d5 6. cxd5 exd5 7. Ne2 c6 8. O-O Bg4 9. Qc2 Nbd7 10. a3 Bd6 11. h3 Bh5 12. f3 Bg6 13. e4 dxe4 14. fxe4 Bc7 15. Bg5 Qb8 16. e5 Nd5 17. Nxd5 cxd5 18.
Nc3 Bb6 19. Bxg6 Bxd4+ 20. Kh1 hxg6 21. Nxd5 Qxe5 22. Ne7+ Kh7 23. Bh4 Rae8 24. Rxf7 Qh5 25. Rxf8 Nxf8 26. Qe4 Bf6 27. Bxf6 gxf6 28. Re1 Qb5 29.
a4 Qd7 30. Qb4 Kg7 31. Qe4 Kf7 32. Qc4+ Ne6 33. Nd5 Rc8 34. Qa2 Kg7 35. Ne3 Nf4 36. Nc4 Qd5 37. Rg1 Qxc4 38. b3 Qd4 39. Qc2 Rxc2 0-1

[Event "Late-Titled-Tuesday-Blitz-April-30-2024"]
[Site "Chess.com"]
[Date "2024.04.30"]
[Round "7"]
[White "MKlose11"]
[Black "Binary010"]
[Result "1-0"]
[WhiteElo "2677"]
[BlackElo "2912"]
[TimeControl "180+1"]
[EndTime "15:17:52 PDT"]
[Termination "MKlose11 won by resignation"]

1. e4 c5 2. Nc3 d6 3. d3 g6 4. g3 Bg7 5. Bg2 Nc6 6. Be3 Rb8 7. Qd2 b5 8. Nge2 b4 9. Nd1 e6 10. O-O h5 11. h3 Nd4 12. Nc1 Ne7 13.
f4 a5 14. c3 Ndc6 15. f5 exf5 16. exf5 Bxf5 17. Rxf5 gxf5 18. Bg5 f6 19. Bf4 Ne5 20. Ne3 N5g6 21. Ne2 bxc3 22. bxc3 Qb6 23. Nc4 Qa6 24. Nxd6+ Kf8 25. Nxf5 Rd8 26. Nxe7 Nxe7 27. c4 Ng6 28.
Rf1 Nxf4 29. Nxf4 Bh6 30. Bd5 Qd6 31. Qxa5 Bxf4 32. Rxf4 Rh7 33. Qc3 Kg7 34. a4 Rh6 35. h4 Rg6 36. Kh2 Re8 37. Qd2 Qe5 38. Qf2 Qa1 39. Re4 Rb8 40. Re7+ Kh8 41. Re2 Qxa4 42. Qf5 Rh6 43. Qf4 Kg7 44. Qxb8 1-0

[Event "Late-Titled-Tuesday-Blitz-April-30-2024"]
[Site "Chess.com"]
[Date "2024.04.30"]
[Round "7"]
[White "Alex_Sahakyan2006"]
[Black "ahmedkandiliii"]
[Result "1-0"]
[WhiteElo "2822"]
[BlackElo "2612"]
[TimeControl "180+1"]
[EndTime "15:17:55 PDT"]
[Termination "Alex_Sahakyan2006 won on time"]

1. e4 e5 2. Nf3 Nc6 3. c3 d5 4.
Qa4 Qd6 5. exd5 Qxd5 6. Bc4 Qd6 7.
Ng5 Nh6 8. O-O Bd7 9. Qb3 O-O-O 10. Nxf7 Nxf7 11. Bxf7 Qf6 12. Bd5 Bd6 13. d3 h5 14.
Nd2 h4 15. Ne4 Qg6 16. Be3 Bh3 17. Ng5 Bd7 18. Nf7 h3 19. g3 Qxd3 20. Rad1 Qf5 21. Nxh8 Rxh8 22. Qc4 Re8 23. Be4 Qf6 24. b4 Kb8 25. Rd2 Nd8 26. Rfd1 Bc6 27. b5 Bxe4 28. Qxe4 Ne6 29. Qg4 Nf8 30. Qxh3 Ng6 31. a4 Rh8 32. Qg2 Ne7 33. c4 Nf5 34. Qf3 Qg6 35. c5 Nh4 36.
Qd5 Qg4 37. cxd6 Nf3+ 38. Qxf3 Qxf3 39. d7 Rd8 40. Bg5 Rxd7 41. Rxd7 b6 42. Bd8 Kc8 43.
Bxc7 e4 44. Bf4 e3 45. Rc7+ 1-0

[Event "Late-Titled-Tuesday-Blitz-April-30-2024"]
[Site "Chess.com"]
[Date "2024.04.30"]
[Round "7"]
[White "MatthewG-p4p"]
[Black "AryanTari"]
[Result "1-0"]
[WhiteElo "2878"]
[BlackElo "3001"]
[TimeControl "180+1"]
[EndTime "15:17:56 PDT"]
[Termination "MatthewG-p4p won by resignation"]

1. e4 e5 2. Nf3 Nc6 3. d4 exd4 4. c3 Nf6 5. e5 Nd5 6. Bc4 Nb6 7. Bb3 d5 8. exd6 Bxd6 9. O-O O-O 10. Nxd4 Qh4 11. g3 Qh3 12. Qf3 Bg4 13. Qg2 Qh5 14. h4 Nxd4 15.
cxd4 Bf3 16. Qh3 Rae8 17. Nc3 Kh8 18. Bd2 Bg4 19. Qg2 Bf3 20. Qh3 f5 21. Rae1 f4 22.
Rxe8 Rxe8 23. Bxf4 Bxf4 24. gxf4 Rf8 25. Qg3 Rf6 26. Re1 Bc6 27. Re5 Qh6 28. d5 Bd7 29.
Ne4 Rxf4 30. Ng5 Qf6 31. Qd3 Rg4+ 32. Kf1 Rxh4 33. Qe3 Rf4 34. d6 cxd6 35. Nf7+ Qxf7 36. Bxf7 dxe5 37. Bb3 Bb5+ 38. Kg1 Rg4+ 39. Kh2 Rh4+ 40. Kg3 Rh5 41. Qf3 Rg5+ 42. Kh4 h6 43. Qf8+ Kh7 44.
Bg8+ Kh8 45. Bf7+ 1-0

[Event "Late-Titled-Tuesday-Blitz-April-30-2024"]
[Site "Chess.com"]
[Date "2024.04.30"]
[Round "7"]
[White "Msb2"]
[Black "BeanScreen"]
[Result "1-0"]
[WhiteElo "3022"]
[BlackElo "2686"]
[TimeControl "180+1"]
[EndTime "15:17:58 PDT"]
[Termination "Msb2 won by checkmate"]

1. d4 d5 2. c4 e6 3. Nc3 c5 4. cxd5 cxd4 5. Qa4+ Bd7 6. Qxd4 exd5 7. Qxd5 Nf6 8. Qd1 Bc5 9. e3 O-O 10. Nf3 Qe7 11. Be2 Rd8 12. O-O Nc6 13. a3 Ne5 14.
Nd4 Nc6 15. b4 Bb6 16. Bf3 Rac8 17. Bb2 a5 18. Bxc6 Bxc6 19. Nxc6 Rxc6 20. Qb3 Ng4 21. h3 Nxf2 22. Rxf2 Bxe3 23. Rf1 Rf6 24. Nd1 Bxf2+ 25.
Nxf2 Rf5 26. Qc3 Qg5 27. Re1 h6 28. Ne4 Qg6 29. bxa5 Kh7 30. Kh2 Rf4 31. Qe3 Qf5 32. Ng3 Qg5 33. Be5 Rf5 34. Nxf5 Qxf5 35. Bg3 Rd5 36. Qe4 Qxe4 37. Rxe4 Rxa5 38. a4 b5 39.
Re5 Rxa4 40. Rxb5 Kg6 41. Rb6+ f6 42. Rb7 Rc4 43. Bd6 Rc8 44. Kg3 Rg8 45. Rb8 Rxb8 46. Bxb8 Kf5 47. Kf3 Kg5 48. Bf4+ Kg6 49. Ke4 Kf7 50.
Kd5 Kg6 51. Ke6 Kh5 52. Kf5 g5 53.
Bg3 g4 54. hxg4# 1-0

[Event "Late-Titled-Tuesday-Blitz-April-30-2024"]
[Site "Chess.com"]
[Date "2024.04.30"]
[Round "7"]
[White "Vincefm"]
[Black "Adar_07"]
[Result "0-1"]
[WhiteElo "2433"]
[BlackElo "2719"]
[TimeControl "180+1"]
[EndTime "15:17:58 PDT"]
[Termination "Adar_07 won by checkmate"]

1. e4 e5 2. Nf3 Nc6 3. Bb5 a6 4. Ba4 Nf6 5. Qe2 b5 6. Bb3 Bc5 7. c3 d6 8. O-O Bg4 9. Rd1 O-O 10. d3 Ne7 11. h3 Be6 12. Bc2 Ng6 13. d4 exd4 14.
cxd4 Bb6 15. Nc3 Re8 16. e5 Bc4 17. Qe1 Nd5 18. Be4 Nxc3 19. Qxc3 dxe5 20. Bg5 exd4 21.
Bxd8 dxc3 22. Bxa8 c2 23. Rd2 Nf4 24. Bc6 Re2 25.
b3 Bd3 26. Rxe2 Nxe2+ 27. Kh2 c1=Q 28. Rxc1 Nxc1 29. Ne5 Bf5 30. Be8 Be6 31. f4 Bd4 32. Nf3 Bb6 33. g4 Bd5 34. f5 Bxf3 35. Kg3 Bd5 36. f6 Ne2+ 37. Kh4 Bf2+ 38. Kh5 g6+ 39. Kg5 h6+ 40. Kxh6 Be3+ 41. g5 Ng3 42. Bd7 Ne4 43. Bxc7 Bxg5# 0-1

[Event "Late-Titled-Tuesday-Blitz-April-30-2024"]
[Site "Chess.com"]
[Date "2024.04.30"]
[Round "7"]
[White "ab-lsv"]
[Black "WildTricks"]
[Result "1-0"]
[WhiteElo "2401"]
[BlackElo "2687"]
[TimeControl "180+1"]
[EndTime "15:17:58 PDT"]
[Termination "ab-lsv won on time"]

1. d4 Nf6 2. c4 e6 3. Nc3 Bb4 4. Qc2 b6 5. e4 c5 6. d5 Qe7 7. Be2 exd5 8. exd5 d6 9. Nf3 O-O 10. O-O Bxc3 11. bxc3 Bf5 12. Qxf5 Qxe2 13. Bf4 Rd8 14. Nd2 Qh5 15. Qd3 Qg4 16. Bg3 Nh5 17. h3 Qg5 18. Ne4 Qg6 19. Bh2 Na6 20. Rae1 Nc7 21. a4 Ne8 22. f4 h6 23. f5 Qh7 24. Qf3 Nhf6 25. Nxf6+ Nxf6 26. Re7 h5 27. Rfe1 h4 28. Qf4 Qh5 29.
Kh1 Kf8 30. Qf2 Qg5 31. Qf3 Nh5 32. R7e4 Nf6 33. Re7 Qd2 34. Bf4 Qc2 35. Bg5 1-0

[Event "Late-Titled-Tuesday-Blitz-April-30-2024"]
[Site "Chess.com"]
[Date "2024.04.30"]
[Round "7"]
[White "mightysmasher"]
[Black "Bryanl106"]
[Result "0-1"]
[WhiteElo "2533"]
[BlackElo "2687"]
[TimeControl "180+1"]
[EndTime "15:17:59 PDT"]
[Termination "Bryanl106 won by checkmate"]

1. e4 e5 2. Nf3 Nc6 3. d4 exd4 4. Nxd4 Bb4+ 5. c3 Bc5 6. Be3 Bb6 7. Bc4 Nf6 8. Nd2 O-O 9. O-O Re8 10. Nf5 d5 11.
Bb3 dxe4 12. Ng3 Bg4 13. Qe1 Qd3 14. Bc4 Qc2 15. Bb3 Qd3 16. Bc4 Qd7 17. Bxb6 axb6 18. Ndxe4 Nxe4 19. Nxe4 Bf5 20. f3 Bxe4 21. fxe4 Ne5 22.
Bb3 Kh8 23. Qf2 f6 24. Rad1 Qe7 25. h3 Rad8 26. Rd4 Nc6 27. Rxd8 Rxd8 28. Bd5 Ne5 29. b4 c6 30. Bb3 Nd3 31. Qxb6 Re8 32. Qd4 Ne5 33.
Rd1 Qc7 34. Qd6 Qb6+ 35. Qd4 Qc7 36. Qd6 Qc8 37. Kh2 h6 38. a4 Qa8 39. a5 Qa7 40.
Rf1 Qe3 41. Bc2 Qe2 42. Rxf6 gxf6 43. Qxf6+ Kh7 44. Bb3 Qxe4 45. Qf2 Kg7 46. Qg3+ Qg6 47. Qxg6+ Nxg6 48. Bc2 Ne5 49. Bf5 Rf8 50. Be4 Rf4 51.
Kg3 Rxe4 52. b5 cxb5 53. a6 bxa6 54. c4 Rxc4 55. Kf2 a5 56. Ke3 a4 57. Kd2 a3 58.
Kd1 a2 59. Kd2 a1=Q 60. Ke3 Qd4+ 61. Ke2 Rc2+ 62. Kf1 Qd1# 0-1

[Event "Late-Titled-Tuesday-Blitz-April-30-2024"]
[Site "Chess.com"]
[Date "2024.04.30"]
[Round "7"]
[White "CrushingKings"]
[Black "Anton_Demchenko"]
[Result "1-0"]
[WhiteElo "2622"]
[BlackElo "2889"]
[TimeControl "180+1"]
[EndTime "15:18:01 PDT"]
[Termination "CrushingKings won by resignation"]

1. Nf3 Nf6 2. g3 g6 3. b3 Bg7 4. Bb2 O-O 5. Bg2 d6 6. d4 Nbd7 7. O-O Re8 8. c4 e5 9. dxe5 Ng4 10. Nc3 dxe5 11. Qc2 e4 12. Ne1 f5 13. Nd5 Bxb2 14.
Qxb2 c6 15. Nf4 Nde5 16. Nc2 Qf6 17. Qd4 Rd8 18. Qc5 b6 19. Qb4 g5 20. f3 gxf4 21. fxg4 c5 22. Qc3 Nxg4 23. Qxf6 Nxf6 24. Rxf4 Nh5 25.
Rf2 Be6 26. Ne3 Ng7 27. Bh3 Rd2 28. Nxf5 Bxf5 29. Bxf5 e3 30. Rf3 Nxf5 31. Rxf5 Rxe2 32. Raf1 Re8 33. Rg5+ Kh8 34. Rf7 Rd8 35. Rd5 Rxd5 36.
cxd5 Rxa2 37. d6 Kg8 38. d7 Rd2 39. Re7 e2 40. Kf2 Kf8 41. Re8+ Kf7 42. d8=Q e1=Q+ 43. Kxe1 Rxd8 44. Rxd8 Ke6 45. Ra8 Kd5 46. Rxa7 h5 47. Kd2 b5 48. Rh7 1-0

[Event "Late-Titled-Tuesday-Blitz-April-30-2024"]
[Site "Chess.com"]
[Date "2024.04.30"]
[Round "7"]
[White "Sergey_70"]
[Black "Rodalquilar"]
[Result "1-0"]
[WhiteElo "2502"]
[BlackElo "2672"]
[TimeControl "180+1"]
[EndTime "15:18:03 PDT"]
[Termination "Sergey_70 won by checkmate"]

1. e4 d5 2. exd5 Qxd5 3. d4 Nc6 4. Be3 e5 5. c4 Qa5+ 6. Bd2 Bb4 7. d5 Nd4 8. Nc3 Bf5 9. Rc1 Nf6 10. a3 Bxc3 11.
bxc3 Nc2+ 12. Rxc2 Bxc2 13. Qxc2 Qxa3 14. Ne2 c6 15. Ng3 O-O 16. Bd3 h6 17. O-O cxd5 18.
cxd5 Nxd5 19. Be4 Rfd8 20. c4 Rac8 21. Nf5 Nb6 22. Bc1 Qf8 23. Bxb7 Rxc4 24. Qe2 Qc5 25. Be3 Qc7 26. Qf3 Kh7 27. Be4 g6 28. Nxh6 f5 29.
Nxf5 gxf5 30. Qxf5+ Kg8 31. Qg5+ Kf8 32. Qf6+ Kg8 33.
Bf5 Rf8 34. Be6+ Rf7 35. Qg6+ Kf8 36. Bh6+ Ke8 37. Qg8+ Ke7 38. Qxf7+ Kd6 39. Bf8+ Kc6 40. Bxc4 Qc8 41. Be6 Qd8 42. Rc1+ Kb5 43. Bc4+ Nxc4 44.
Qxc4+ Kb6 45. Qb4+ Ka6 46. Ra1+ Qa5 47. Rxa5# 1-0

[Event "Late-Titled-Tuesday-Blitz-April-30-2024"]
[Site "Chess.com"]
[Date "2024.04.30"]
[Round "7"]
[White "rdarruda"]
[Black "shrek4life02"]
[Result "1-0"]
[WhiteElo "2558"]
[BlackElo "2704"]
[TimeControl "180+1"]
[EndTime "15:18:04 PDT"]
[Termination "rdarruda won by checkmate"]

1. d4 e6 2. e4 d5 3. Nc3 Nf6 4. Bg5 Bb4 5. Ne2 dxe4 6. a3 Be7 7. Bxf6 gxf6 8. Nxe4 f5 9. N4g3 h5 10. Nf4 h4 11. Nge2 b6 12. Nc3 Bb7 13. Bb5+ Kf8 14. f3 Qd6 15. Nce2 Nd7 16. Bxd7 Qxd7 17. O-O h3 18. Nxh3 Rxh3 19. gxh3 Bg5 20. Qd3 Ke7 21. Kh1 Rh8 22. Ng1 Rh4 23. c3 c5 24. Rad1 cxd4 25.
cxd4 Kf8 26. Rf2 Bf6 27. Qe3 Qd5 28. Rfd2 Rh5 29. Qf4 Rg5 30. Qb8+ Kg7 31. Rg2 Rxg2 32. Kxg2 Qb3 33. Rd2 Bd5 34. Qg3+ Kf8 35. Qb8+ Kg7 36. Qg3+ Kh7 37. Qc7 Kg6 38. Qc3 Qb5 39. Kh1 Qf1 40.
Rg2+ Kh7 41. Qe3 Qd1 42. Rd2 Qf1 43. Rf2 Qd1 44. Rd2 Qf1 45. Rf2 Qc4 46. Rd2 Qc7 47.
Rg2 Qc4 48. Qf4 Qxd4 49. Qg3 Kh6 50. Qg8 Qf4 51. Qxf7 Bxf3 52. Qg6# 1-0

[Event "Late-Titled-Tuesday-Blitz-April-30-2024"]
[Site "Chess.com"]
[Date "2024.04.30"]
[Round "7"]
[White "HansOnTwitch"]
[Black "BogdanDeac"]
[Result "0-1"]
[WhiteElo "3185"]
[BlackElo "3084"]
[TimeControl "180+1"]
[EndTime "15:18:09 PDT"]
[Termination "BogdanDeac won on time"]

1. e4 e5 2. Nf3 Nc6 3. Bc4 Nf6 4. d3 Bc5 5. O-O d6 6. c3 a5 7. Re1 Ba7 8. Nbd2 O-O 9. Nf1 Ne7 10. d4 Ng6 11. h3 Be6 12. Bxe6 fxe6 13. Ng3 Qe8 14.
Be3 Nd7 15. a4 Bb6 16. b4 h6 17. b5 Qf7 18. Ra2 Nf4 19. Kh2 Ng6 20. Rd2 Rae8 21. Rc2 Kh7 22. Qd3 Nf4 23. Qd1 Ng6 24. Nd2 exd4 25.
cxd4 e5 26. d5 Bxe3 27. fxe3 Nc5 28. Rc3 b6 29. Qg4 Ne7 30. Ra1 Qg6 31. Qe2 Ng8 32. Rc4 Nf6 33. Rxc5 dxc5 34. Rf1 Rd8 35. Rf5 Nxe4 36.
Ndxe4 Rxf5 37. Nxf5 Qxf5 38. Ng3 Qg6 39. e4 Rf8 40. Nf5 Rxf5 41. exf5 Qxf5 42. Kh1 e4 43.
Qd2 Qe5 44. Qd1 e3 45. Qd3+ Kg8 46. Qe2 Kh8 47. Kg1 c4 48. Kf1 Qa1+ 49. Qe1 Qxe1+ 50. Kxe1 c3 0-1

[Event "Late-Titled-Tuesday-Blitz-April-30-2024"]
[Site "Chess.com"]
[Date "2024.04.30"]
[Round "7"]
[White "anasta10"]
[Black "gmcorrales"]
[Result "0-1"]
[WhiteElo "2606"]
[BlackElo "2820"]
[TimeControl "180+1"]
[EndTime "15:18:09 PDT"]
[Termination "gmcorrales won by resignation"]

1. Nf3 c5 2. c4 Nf6 3. g3 e6 4. Bg2 d5 5. O-O Nc6 6. cxd5 exd5 7. d4 h6 8. Nc3 Be6 9. Bf4 c4 10. b3 Bb4 11. Nb5 Rc8 12. a3 Be7 13. bxc4 dxc4 14. Nc3 Na5 15. e4 Bg4 16. Qa4+ Bd7 17. Qc2 Nb3 18.
Rad1 O-O 19. e5 Nh7 20. d5 Bxa3 21. e6 Be8 22. Ne5 Nf6 23. d6 fxe6 24. Nxc4 Na5 25.
Ne5 Bb4 26. Qa2 Bxc3 27. Qxe6+ Kh8 28. d7 Nxd7 29. Nxd7 Bxd7 30. Rxd7 Qf6 31. Qa2 Rfd8 32. Rfd1 Rxd7 33. Rxd7 Be5 34. Be3 Rd8 35. Qd5 Nc6 36.
Be4 a5 37. Rxd8+ Qxd8 38. Qe6 Bf6 39. Bxc6 bxc6 40. Qxc6 Qd1+ 41. Kg2 a4 42. Qc8+ Kh7 43. Qf5+ Kg8 44. Qe6+ Kh7 45. Qf5+ Kh8 46. Qc8+ Qd8 47. Qc6 a3 48. Qa6 Qd5+ 49. f3 a2 50. Qc8+ Kh7 0-1

[Event "Late-Titled-Tuesday-Blitz-April-30-2024"]
[Site "Chess.com"]
[Date "2024.04.30"]
[Round "7"]
[White "KVAIDAN"]
[Black "ural58"]
[Result "0-1"]
[WhiteElo "2353"]
[BlackElo "2547"]
[TimeControl "180+1"]
[EndTime "15:18:10 PDT"]
[Termination "ural58 won by resignation"]

1. f4 e5 2. d3 Nc6 3. Nf3 d6 4. e4 Be7 5. Be2 Nf6 6. O-O Bg4 7. Nc3 Qd7 8. fxe5 dxe5 9. Be3 O-O-O 10. Qe1 h6 11. a3 Qe6 12. Qf2 a6 13. h3 Bxf3 14. Bxf3 Kb8 15. b4 Nd4 16. b5 axb5 17. Rfb1 c6 18.
Bxd4 Rxd4 19. a4 b4 20. Ne2 Bc5 21. Kh1 Rc4 22. Qg3 Rxc2 23. Qxg7 Rg8 24. Qxh6 b3 25. Rxb3 Qxb3 26. Qxf6 Qe6 27. Qh4 Qg6 28. g4 Qd6 29. Qh7 Rd8 30. Qxf7 Rf8 31. Qb3 Rd2 32. Rb1 b6 33. d4 exd4 34. a5 d3 35. Qc3 dxe2 36. e5 Rd1+ 37. Kg2 Qd2 38. Qxd2 Rxd2 39. Re1 bxa5 40.
g5 a4 41. g6 a3 42. g7 Rg8 43.
Bxc6 Rxg7+ 44. Kf3 a2 45. Bd5 Rxd5 46. Rxe2 Rf7+ 47.
Ke4 Rxe5+ 48. Kxe5 Re7+ 49. Kd5 Rxe2 0-1